 Dungeon Crawl Stone Soup version 0.28.0 (webtiles) character file.

Game seed: 9420476240897912219

92 croobank the Insei (level 4, -1/29 HPs)
             Began as an Octopode Transmuter on Feb 14, 2022.
             Slain by an orc wizard (4 damage)
             ... on level 3 of the Dungeon.
             The game lasted 00:07:18 (2223 turns).

croobank the Insei (Octopode Transmuter)            Turns: 2223, Time: 00:07:19

Health: -1/29      AC:  1    Str:  9    XL:     4   Next: 60%
Magic:  7/7        EV: 13    Int: 17    God:
Gold:   123        SH:  0    Dex: 12    Spells: 2/7 levels left

rFire   . . .      SeeInvis .   a - +2 war axe of the Median {vorpal, *Corrode Fly rPois rN+++}
rCold   . . .      Faith    .   (no shield)
rNeg    + + +      Spirit   .   (helmet restricted)
rPois   +          Reflect  .   (no amulet)
rElec   .          Harm     .   c - +4 ring of protection
rCorr   .          Rampage  .   l - ring of poison resistance
Will    .....                   (no ring)
Stlth   ++........              (no ring)
HPRegen 0.09/turn               (no ring)
MPRegen 0.10/turn               (no ring)
                                (no ring)
                                (no ring)

@: corroded, flying
A: almost no armour, amphibious, 8 rings, camouflage 1, gelatinous body 1,
(nimble swimmer 1), tentacles
a: no special abilities


You were on level 3 of the Dungeon.
You visited 1 branch of the dungeon, and saw 3 of its levels.

You collected 123 gold pieces.

Inventory:

Hand Weapons
 a - the +2 war axe of the Median (weapon) {vorpal, *Corrode Fly rPois rN+++}
   (You found it on level 2 of the Dungeon)

   It inflicts extra damage upon your enemies.
   rPois:     It protects you from poison.
   rN:        It renders you almost immune to negative energy.
   Fly:       It grants you flight.
   *Corrode:  It may corrode you when you take damage.
Missiles
 b - 25 arrows
 e - 4 datura-tipped darts
 i - 32 stones
 j - 6 poisoned darts
 m - 20 bolts
Jewellery
 c - a +4 ring of protection (left tentacle)
 l - a ring of poison resistance (right tentacle)
Scrolls
 d - a scroll of fog
 f - a scroll of magic mapping
 g - a scroll of immolation {unknown}
 k - 5 scrolls of holy word
 n - a scroll of torment {unknown}


   Skills:
 - Level 1.7 Fighting
 + Level 1.3 Axes
 - Level 2.5 Dodging
 - Level 3.2 Unarmed Combat
 - Level 2.4 Spellcasting
 - Level 2.5 Transmutations
 + Level 1.2 Fire Magic


You had 2 spell levels left.
You knew the following spells:

 Your Spells              Type           Power      Damage    Failure   Level
a - Beastly Appendage     Tmut           20%        N/A       7%          1
b - Wereblood             Tmut           10%        N/A       10%         2
c - Scorch                Fire           12%        2d6       17%         2

Your spell library contained the following spells:

 Spells                   Type           Power      Damage    Failure   Level
 Spider Form              Tmut/Pois      6%         N/A       32%         3
 Ice Form                 Ice/Tmut       6%         N/A       73%         4
 Flame Wave               Conj/Fire      4%         2d5       80%         4
 Summon Cactus Giant      Summ           1%         N/A       100%        6


Dungeon Overview and Level Annotations

Branches:
Dungeon (3/15)

Altars:


Innate Abilities, Weirdness & Mutations

You cannot wear most types of armour.
You are amphibious.
You can wear up to eight rings at the same time.
Your skin changes colour to match your surroundings (Stealth+).
Your rubbery body absorbs attacks. (AC +1, EV +1)
((You are camouflaged when in or above water. (Stealth+)))
You have tentacles for arms and can constrict up to eight enemies at once.


Message History

You bump into the rock wall.
The orc hits you with a +0 club. Something hits you but does no damage.
You bump into the rock wall.
The orc barely misses you.
You hear some strange, mumbled words.
Something tries to affect you, but you resist.
You slash the orc!
You kill the orc!
You barely miss something. Something hits you.
You bump into the rock wall.
You feel less confused.
You hear some strange, mumbled words.
A magic dart appears from out of thin air!
The magic dart hits you.
Things that are here:
a +0 flail; an orc corpse Your tentacle spike disappears.
You miss something. Something completely misses you. Something hits you.
You miss something. Your squeeze misses something. Something hits you.
You barely miss something. Something hits you but does no damage.
You barely miss something. Your squeeze misses something.
Something hits you but does no damage. x2
You miss something. Your squeeze misses something.
You hear some strange, mumbled words.
A magic dart appears from out of thin air!
The magic dart hits you.
Your corrosive artefact corrodes you!
You closely miss something. Something hits you. x2
You miss something. Something hits you.
* * * LOW HITPOINT WARNING * * *
You barely miss something. Your squeeze misses something. Something hits you.
* * * LOW HITPOINT WARNING * * *
Something hits you.
* * * LOW HITPOINT WARNING * * *
You closely miss something.
You hear some strange, mumbled words.
A puff of flame appears from out of thin air!
The puff of flame misses you.
It was a potion of flight.
You feel more buoyant. Something hits you.
You die...

##################
#.......##...†...#
##.#####.##.#####.#
....####.##.#####.##
###.#..............#
#.#.##.##.#####..#
#...##.##.#####..#####
#......##............#
###.#.##########@#.###.#
....#.# #{#.## #
##.##.######## #.#..##.#
.............# #.......#
##.###.......# #)>#.##.#
#.# #.......# #..†....#
#.# #..)....# #.)..##.#
#.# #....)..# #..### #
#.# #.......# #.)#


There were no monsters in sight!

Vanquished Creatures
  4 adders
  A worm (D:2)
  2 dart slugs
  4 orcs (D:3)
  4 bats
  4 endoplasms
  4 giant cockroaches
  3 goblins
  4 hobgoblins (D:1)
  2 quokkas
  5 ball pythons
  A frilled lizard (D:1)
  2 kobolds
  3 rats
43 creatures vanquished.

Notes
Turn   | Place    | Note
-------+----------+-------------------------------------------
     0 | D:1      | croobank the Octopode Transmuter began the quest for the
                  | Orb.
     0 | D:1      | Reached XP level 1. HP: 13/13 MP: 3/3
   233 | D:1      | Reached XP level 2. HP: 18/18 MP: 3/5
   236 | D:1      | Learned a level 2 spell: Wereblood
   449 | D:1      | Learned a level 2 spell: Scorch
   797 | D:1      | Reached XP level 3. HP: 23/23 MP: 4/6
  1593 | D:2      | Identified the +2 war axe of the Median {vorpal, *Corrode
                  | Fly rPois rN+++}
  1617 | D:2      | Reached XP level 4. HP: 29/29 MP: 7/7
  1629 | D:2      | Found a faded altar of an unknown god.
  2084 | D:3      | Reached skill level 1 in Axes
  2084 | D:3      | Reached skill level 1 in Fire Magic
  2223 | D:3      | Slain by an orc wizard

Illustrated notes

Levels and vault maps discovered:
D:1:      dpeg_arrival_renting, layout_loops_corners, corexii_corridor_pit,
          minmay_3d_cube
D:2:      layout_rooms, hellmonk_ecumenical_altar_arch_garden
D:3:      layout_loops_cross

Skill      XL: |  1  2  3  4 |
---------------+-------------+-----
Axes           | 1 |  1.3
Fire Magic     | 1 |  1.2
Fighting       | |  1.7
Dodging        | |  2.5
Unarmed Combat | |  3.2
Spellcasting   | |  2.4
Transmutations | |  2.5

Action                   |  1- 3 |  4- 6 || total
-------------------------+-------+-------++-------
Melee: Unarmed           |    63 |       ||    63
       Constrict         |    17 |     4 ||    21
       Kick              |    13 |     1 ||    14
       Tentacles         |    16 |     1 ||    17
       War axe           |     3 |    32 ||    35
 Cast: Beastly Appendage |    21 |     1 ||    22
       Wereblood         |     2 |       ||     2
       Scorch            |     1 |       ||     1
  Use: Scroll            |     3 |       ||     3
       Potion            |       |     1 ||     1
 Stab: Sleeping          |    11 |     1 ||    12
Armor: Skin              |    20 |    11 ||    31
Dodge: Dodged            |    32 |    17 ||    49
